 Dungeon Crawl Stone Soup version 0.28.0-43-g3370ac3207 (webtiles) character file.

Game seed: 4346166376503183455

175 tife0686 the Covered (level 5, -2/28 HPs)
             Began as a Vine Stalker Fighter on Mar 23, 2022.
             Slain by an iguana (9 damage)
             ... on level 3 of the Dungeon.
             The game lasted 00:21:12 (2076 turns).

tife0686 the Covered (Vine Stalker Fighter)         Turns: 2076, Time: 00:21:13

Health: -2/28      AC: 12    Str: 21      XL:     5   Next: 55%
Magic:  0/6        EV:  5    Int:  7 (8)  God:
Gold:   75         SH:  4    Dex: 12 (13) Spells: 4/4 levels left

rFire   . . .      SeeInvis .   a - +0 trident
rCold   . . .      Faith    .   c - +0 buckler
rNeg    . . .      Spirit   +   h - +0 plate armour
rPois   .          Reflect  .   (no helmet)
rElec   .          Harm     .   s - +0 cloak
rCorr   .          Rampage  .   (no gloves)
Will    .....                   (no boots)
Stlth   ..........              (no amulet)
HPRegen 0.89/turn               (no ring)
MPRegen 0.10/turn               (no ring)

@: no status effects
A: fangs 2, regeneration 1, magic shield, antimagic bite, no potion heal 2
a: no special abilities


You were on level 3 of the Dungeon.
You visited 1 branch of the dungeon, and saw 3 of its levels.

You collected 75 gold pieces.

Inventory:

Hand Weapons
 a - a +0 trident (weapon)
 d - a +0 club
 i - a +0 spear
 k - a +2 short sword of venom
 l - the +4 dagger of the Ring {spect, rPois Dex+3 SInv}
   (You found it on level 3 of the Dungeon)

   When its wielder attacks, the weapon's spirit leaps out and strikes again.
   The spirit shares a part of any damage it takes with its wielder.
   Dex:       It affects your dexterity (+3).
   rPois:     It protects you from poison.
   SInv:      It lets you see invisible.
 m - a +2 whip of draining
 p - a +0 short sword
Armour
 b - a +0 scale mail
 c - a +0 buckler (worn)
 e - a +0 scale mail
 h - a +0 plate armour (worn)
 s - a +0 cloak (worn)
Scrolls
 f - 2 scrolls of immolation (quivered)
 q - 3 scrolls of identify
Potions
 g - a potion of might
 j - 2 potions of heal wounds
 n - a potion of degeneration
 o - a potion of invisibility
 r - a potion of curing


   Skills:
 + Level 3.1 Fighting
 + Level 3.4 Polearms
 + Level 3.4 Armour
 + Level 0.2 Dodging
 + Level 1.1 Stealth
 + Level 3.1 Shields


You had 4 spell levels left.
You didn't know any spells.
Your spell library contained the following spells:

 Spells                   Type           Power      Damage    Failure   Level
 Cause Fear               Hex            0%         N/A       100%        4
 Dragon Form              Tmut           0%         N/A       100%        7
 Dragon's Call            Summ           0%         N/A       100%        9


Dungeon Overview and Level Annotations

Branches:
Dungeon (3/15)

Altars:


Innate Abilities, Weirdness & Mutations

You have extremely sharp teeth.
Your natural rate of healing is unusually fast.
When hurt, damage is shared between your health and your magic reserves.
Your bite disrupts and absorbs the magic of your enemies.
Potions cannot restore your health.


Message History

Found a stone staircase leading down.
Found an escape hatch in the floor.
Found 30 arrows.
Found a stone staircase leading down.
You now have 75 gold pieces (gained 13).
You open the door.
There is an open door here.
There is a large open door here.
You see here a +0 dagger.
There is a stone staircase leading up here.
You open the door.
An endoplasm, 2 goblins, a bullfrog and an iguana come into view.
The endoplasm quivers.
The hobgoblin shouts!
The bullfrog gives a loud, deep croak!
The iguana hisses angrily.
You puncture the endoplasm!
You kill the endoplasm!
You puncture the hobgoblin!
You kill the hobgoblin!
You puncture the bullfrog! You bite the bullfrog. You drain its power.
The bullfrog is heavily wounded.
The bullfrog hits you. x2
You hit the bullfrog.
The bullfrog is severely wounded.
The bullfrog hits you. x2
You puncture the bullfrog!
You kill the bullfrog!
You feel your strength returning.
You have reached level 5!
You barely miss the goblin.
The goblin hits you but does no damage. x2
You closely miss the goblin. Your bite misses the goblin.
The goblin hits you but does no damage.
You puncture the goblin!
You kill the goblin!
You completely miss the iguana. The iguana bites you!
* * * LOW HITPOINT WARNING * * *
You hit the iguana but do no damage.
The iguana bites you but does no damage.
The iguana barely misses you.
You hit the iguana but do no damage. The iguana bites you!
You die...

#..######...#########.#######
...######.#.### #.#
##....##..#...## #.#
##..#....####..## #.#
#..##.#### ##..#####.#
..###....# ##....##.##
.##.#.##.# ####.....#
##.⌠'.##.##########...<#####
#...#.##.....##.@l......[..##
...##.#####.....##'##....#..#
..##.........####...####....#
.##........### #...#.$###..#
##..####..##.# #...#..#.##.#
#...# #..')(# #..l#..#.†'.#
....# #..##.# #...#..#.##.#
....# #...### #...#..###..#
....# #.....##+# #'##...##


You could see an iguana.

Vanquished Creatures
  A bullfrog (D:3)
  A gnoll (D:1)
  4 adders (D:3)
  3 dart slugs
  2 ball pythons
  3 endoplasms
  2 giant cockroaches
  8 goblins
  4 hobgoblins
  5 jackals
  2 quokkas
  6 bats
  2 frilled lizards (D:1)
  7 kobolds
  9 rats
59 creatures vanquished.

Notes
Turn   | Place    | Note
-------+----------+-------------------------------------------
     0 | D:1      | tife0686 the Vine Stalker Fighter began the quest for the
                  | Orb.
     0 | D:1      | Reached XP level 1. HP: 11/11 MP: 2/2
    53 | D:1      | Reached XP level 2. HP: 12/16 MP: 3/3
   239 | D:1      | Reached XP level 3. HP: 18/20 MP: 4/4
  1456 | D:2      | Gained mutation: Your natural rate of healing is unusually
                  | fast. [Vine Stalker growth]
  1456 | D:2      | Reached XP level 4. HP: 24/24 MP: 5/5
  1596 | D:3      | Identified the +4 dagger of the Ring {spect, rPois Dex+3
                  | SInv}
  1609 | D:3      | Reached skill level 1 in Stealth
  2063 | D:3      | Noticed a bullfrog
  2070 | D:3      | Killed a bullfrog
  2071 | D:3      | Reached XP level 5. HP: 11/28 MP: 1/6
  2076 | D:3      | Slain by an iguana

Illustrated notes

Levels and vault maps discovered:
D:1:      psy_arrival_whirlpool, layout_basic
D:2:      layout_basic, kennysheep_generic_room_4
D:3:      layout_rooms, nicolae_overflow_hidden_temple, grunt_decor_arrowhead,
          minmay_divided_ellipse

Skill      XL: |  1  2  3  4 |
---------------+-------------+-----
Polearms       | 2 3 |  3.4
Fighting       | 3 |  3.1
Shields        | 3 |  3.1
Stealth        | 1 |  1.1
Armour         | 3 |  3.4
Dodging        | |  0.2

Action                   |  1- 3 |  4- 6 || total
-------------------------+-------+-------++-------
Melee: Trident           |    94 |    73 ||   167
       Bite              |    13 |    14 ||    27
  Use: Potion            |     2 |     6 ||     8
       Scroll            |     3 |     2 ||     5
Armor: Scale mail        |    32 |       ||    32
       Plate armour      |    17 |    47 ||    64
Dodge: Dodged            |    39 |    18 ||    57
Block: Buckler           |    15 |     9 ||    24
